 Dungeon Crawl Stone Soup version 0.23-a0-644-gb60d84b (webtiles) character file.

63 Borgoz the Sneak (level 4, -2/29 HPs)
             Began as a Halfling Assassin on Jan 2, 2019.
             Slain by a hobgoblin
             ... wielding a +0 club
              (4 damage)
             ... on level 2 of the Dungeon.
             The game lasted 00:02:41 (1458 turns).

Borgoz the Sneak (Halfling Assassin)                Turns: 1458, Time: 00:02:42

Health: -2/29      AC:  3    Str: 12    XL:     4   Next: 31%
Magic:  4/4        EV: 14    Int:  9    God:
Gold:   56         SH:  0    Dex: 16    Spells: 3/3 levels left

rFire    . . .     SeeInvis .   a - +2 dagger
rCold    . . .     Gourm    .   (shield restricted)
rNeg     . . .     Faith    .   c - +0 robe
rPois    .         Spirit   .   (no helmet)
rElec    .         Reflect  .   d - +0 cloak
rCorr    .         Harm     .   (no gloves)
MR       .....                  (no boots)
Stlth    +++.......             (no amulet)
HPRegen  0.09/turn              i - ring of wizardry
MPRegen  0.09/turn              (no ring)

@: no status effects
A: small, mutation resistance 1
a: no special abilities


You were on level 2 of the Dungeon.
You were not hungry.

You visited 1 branch of the dungeon, and saw 2 of its levels.

You collected 56 gold pieces.

Inventory:

Hand Weapons
 a - a +2 dagger (weapon)
 b - a +0 blowgun
 h - a +2 dagger of freezing
Missiles
 e - 8 poisoned needles
 f - 5 curare-tipped needles
Armour
 c - a +0 robe (worn)
 d - a +0 cloak (worn)
Jewellery
 i - a ring of wizardry (left hand)
Scrolls
 j - 3 scrolls of identify {unknown}
 k - 2 scrolls of remove curse {unknown}
 m - 2 scrolls of teleportation {unknown}
 q - a scroll of enchant armour {unknown}
Potions
 l - a potion of degeneration {unknown}
 n - a potion of cancellation {unknown}
 o - a potion of agility {unknown}
 r - a potion of magic {unknown}
Comestibles
 g - 2 rations


   Skills:
 + Level 2.0 Fighting
 + Level 3.1 Short Blades
 + Level 2.2 Throwing
 + Level 1.3 Dodging
 + Level 5.6 Stealth


You had 3 spell levels left.
You didn't know any spells.
Your spell library was empty.

Dungeon Overview and Level Annotations

Branches:
Dungeon (2/15)

Altars:


Innate Abilities, Weirdness & Mutations

You are small and have problems with some larger weapons.
You are somewhat resistant to further mutation.


Message History

You are too injured to fight recklessly!
You are too injured to fight recklessly!
You barely miss the worm.
The worm is almost dead.
The worm completely misses you. Something hits you but does no damage.
You barely miss the worm.
The worm is almost dead.
A bat comes into view.
The worm barely misses you.
You hit the worm.
The worm is almost dead.
Something hits you.
You hit the worm.
The worm is almost dead.
Something hits you. The worm bites you.
* * * LOW HITPOINT WARNING * * *
The bat hits you but does no damage. The adder bites you.
* * * LOW HITPOINT WARNING * * *
The bat barely misses you. Something hits you.
You die...

.......# .......# ..#
.......# ..# #......# ..
#......# #####'######
#......# #..........#
#......# #..........#
#......# #..S{w.....#
#......# #..@b......#
#......# #..........#
###'##########..........#
#>...............######
##################


You could see a worm, an adder and a bat.

Vanquished Creatures
  3 adders (D:2)
  An ooze (D:2)
  3 dart slugs
  A giant cockroach (D:2)
  5 bats
  2 frilled lizards (D:1)
  3 goblins
  5 kobolds
  8 rats
31 creatures vanquished.

Notes
Turn   | Place    | Note
-------+----------+-------------------------------------------
     0 | D:1      | Borgoz the Halfling Assassin began the quest for the Orb.
     0 | D:1      | Reached XP level 1. HP: 14/14 MP: 1/1
   151 | D:1      | Reached XP level 2. HP: 16/19 MP: 2/2
   708 | D:1      | Reached skill level 5 in Stealth
   819 | D:2      | Reached XP level 3. HP: 24/24 MP: 3/3
  1138 | D:2      | Reached XP level 4. HP: 29/29 MP: 4/4
  1458 | D:2      | Slain by a hobgoblin

Vault maps used:
D:1:      minmay_arrival_nine_rooms, kennysheep_boxes

Skill      XL: |  1  2  3  4 |
---------------+-------------+-----
Stealth        | 5 |  5.6
Fighting       | 2 |  2.0
Short Blades   | 3 |  3.1
Throwing       | |  2.2
Dodging        | |  1.3

Action                   |  1- 3 |  4- 6 || total
-------------------------+-------+-------++-------
Melee: Dagger            |    83 |    29 ||   112
 Stab: Sleeping          |     6 |     4 ||    10
  Eat: Chunk             |       |     2 ||     2
Armor: Robe              |    23 |     4 ||    27
Dodge: Dodged            |    80 |    12 ||    92

Table legend:
 A = Non-vault XP
 B = Vault XP
 C = Vault XP percentage of total XP
 D = Non-vault monster count
 E = Vault monster count
 F = Vault count percentage of total count
                 A         B        C        D         E       F
            +---------+---------+-------+---------+---------+-------
      Total |      91 |       0 |   0.0 |      31 |       0 |   0.0
            +---------+---------+-------+---------+---------+-------
        D:1 |      22 |       0 |   0.0 |      14 |       0 |   0.0
        D:2 |      69 |       0 |   0.0 |      17 |       0 |   0.0
            +---------+---------+-------+---------+---------+-------
